 Dungeon Sprint DCSS version 0.27-a0-1196-g3e9cee4cb2 (webtiles) character file.

Game seed: 13411729846676760108

25 Conn the Magician (level 3, -23/22 HPs)
             Began as an Octopode Hedge Wizard on May 29, 2021.
             Annihilated by an ogre
             ... wielding a +0 giant spiked club
              (31 damage)
             ... in the Dungeon (Sprint I: "Red Sonja").
             The game lasted 00:03:42 (290 turns).

Conn the Magician (Octopode Hedge Wizard)            Turns: 290, Time: 00:03:43

Health: -23/22     AC:  1    Str:  9    XL:     3   Next: 4%
Magic:  9/9        EV: 13    Int: 17    God:
Gold:   54         SH:  0    Dex: 11    Spells: 11/12 levels left

rFire    . . .     SeeInvis .   a - +0 dagger
rCold    . . .     Faith    .   (no shield)
rNeg     . . .     Spirit   .   b - +0 hat
rPois    .         Reflect  .   (no amulet)
rElec    .         Harm     .   (no ring)
rCorr    .         Rampage  .   (no ring)
Will     .....     NoTele   +   (no ring)
Stlth    +++.......             (no ring)
HPRegen  0.07/turn              (no ring)
MPRegen  0.11/turn              (no ring)
                                (no ring)
                                (no ring)

@: hasted, very quick
A: almost no armour, amphibious, 8 rings, camouflage 1, gelatinous body 1,
(nimble swimmer 1), tentacles
a: no special abilities


You were in the Dungeon.
You visited 1 branch You collected 54 gold pieces.

Inventory:

Hand Weapons
 a - a +0 dagger (weapon)
Armour
 b - a +0 hat (worn)
Wands
 c - a wand of polymorph (9)
Potions
 d - a potion of curing
 e - a potion of heal wounds
 g - 2 potions of magic


   Skills:
 + Level 0.7 Fighting
 + Level 1.0 Short Blades
 + Level 2.8 Dodging
 + Level 3.8 Stealth
 + Level 5.1 Spellcasting
 + Level 1.0 Conjurations
 + Level 1.1 Summonings
 + Level 1.0 Translocations


You had 11 spell levels left.
You knew the following spells:

 Your Spells              Type           Power      Damage    Failure   Level
a - Magic Dart            Conj           32%        1d4       9%          1

Your spell library contained the following spells:

 Spells                   Type           Power      Damage    Failure   Level
 Call Imp                 Summ           8%         N/A       13%         2
 Blink                    Tloc           N/A        N/A       14%         2
 Slow                     Hex            4%         N/A       22%         2
 Conjure Flame            Conj/Fire      6%         6-21      34%         3
 Mephitic Cloud           Conj/Pois/Air  5%         N/A       36%         3


Dungeon Overview and Level Annotations

Branches:
Dungeon (1/1)

Altars:


Innate Abilities, Weirdness & Mutations

You cannot wear most types of armour.
You are amphibious.
You can wear up to eight rings at the same time.
Your skin changes colour to match your surroundings (Stealth+).
Your rubbery body absorbs attacks. (AC +1, EV +1)
((You are camouflaged near water. (Stealth+)))
You have tentacles for arms and can constrict up to eight enemies at once.


Message History

Press: ? - help, v - describe, . - travel, g - get item
Items here: a +0 club; a +1 leather armour of poison resistance; the goblin skeleton of Ijyb.
The floor, spattered with blood.
Unknown command.
You close the door.
Things that are here:
a +0 club; a +1 leather armour of poison resistance; the goblin skeleton of Ijyb
There is an open door here.
You close the door.
You open the door.
Found 27 gold pieces.
Found 27 gold pieces.
There is an open door here.
You now have 27 gold pieces.
You close the door.
You now have 54 gold pieces (gained 27).
Memorise Call Imp, consuming 2 spell levels and leaving 9?
You start memorising the spell.
You continue memorising.
Something unseen opens the door.
Your memorisation is interrupted.
Casting: Magic Dart (safe; 9% risk of failure)
Confirm with . or Enter, or press ? or * to list all spells.
Okay, then.
Unknown command.
Unknown command.
Casting: Magic Dart (safe; 9% risk of failure)
Confirm with . or Enter, or press ? or * to list all spells.
Okay, then.
You hit the ogre but do no damage.
The ogre is lightly wounded.
You hit the ogre.
The ogre is lightly wounded.
The ogre hits you with a +0 giant spiked club!
Ouch! That really hurt!
You barely miss the ogre. Your squeeze misses the ogre.
The ogre is lightly wounded.
You hit the ogre.
The ogre is lightly wounded.
The ogre hits you with a +0 giant spiked club!!
Ouch! That really hurt!
You die...

##########
#<.#.)'..#
#..+..#..+
#..#####O#
#..# #.@#
#O.# ####
#..# #§⌠#
####


You could see an ogre.

Vanquished Creatures
  Ijyb (D)
1 creature vanquished.

Notes
Turn   | Place    | Note
-------+----------+-------------------------------------------
     0 | D        | Conn the Octopode Hedge Wizard began the quest for the Orb.
     0 | D        | Reached XP level 1. HP: 11/11 MP: 4/4
     1 | D        | Noticed Ijyb
    12 | D        | Killed Ijyb
    13 | D        | Reached skill level 1 in Short Blades
    13 | D        | Reached skill level 5 in Spellcasting
    13 | D        | Reached XP level 2. HP: 5/18 MP: 5/8
    13 | D        | Reached XP level 3. HP: 6/22 MP: 5/9
   253 | D        | Noticed an ogre
   290 | D        | Annihilated by an ogre

Illustrated notes

Levels and vault maps discovered:
D:        dungeon_sprint_1 [red_sonja_temple_1, red_sonja_temple_small_1]

Skill      XL: |  1 |
---------------+----+-----
Short Blades   | 1 |  1.0
Stealth        | 3 |  3.8
Spellcasting   | 5 |  5.1
Fighting       | |  0.7
Dodging        | |  2.8
Conjurations   | |  1.0
Summonings     | |  1.1
Translocations | |  1.0

Action                   || total
-------------------------++-------
Melee: Dagger            ||    12
       Constrict         ||     1
 Cast: Magic Dart        ||     1
  Use: Potion            ||     2
       Scroll            ||     1
 Stab: Sleeping          ||     1
Dodge: Dodged            ||     4

Table legend: (Time is in decaauts)
 A = Elapsed time spent in this place.
 B = Non-inter-level travel time spent in this place.
 C = Inter-level travel time spent in this place.
 D = Time resting spent in this place.
 E = Time spent auto-exploring this place.
 F = Levels seen in this place.
 G = Mean time per level.
                   A        B        C        D        E       F      G
               +--------+--------+--------+--------+--------+-----+--------+
         Total |    292 |    292 |      0 |    245 |      0 |   1 |  292.0 |
       Dungeon |    292 |    292 |      0 |    245 |      0 |   1 |  292.0 |
               +--------+--------+--------+--------+--------+-----+--------+

Top non-repeatable levels by time:
       D: 292 daAuts
